[Event "SixDays One Year IM-B 2023"]
[Site "Budapest"]
[Date "2023.09.20"]
[Round "5.5"]
[White "Szeberenyi, Adam"]
[Black "Besou, Hussain"]
[Result "1/2-1/2"]
[ECO "D26"]
[WhiteElo "2305"]
[BlackElo "2364"]
[Annotator "ChessBase"]
[PlyCount "78"]
[EventDate "2023.09.18"]
[EventType "tourn"]
[EventCountry "HUN"]
[SourceTitle "playchess.com"]
[Source "ChessBase"]
[SourceQuality "1"]
[TimeControl "5400+30"]

1. d4 d5 2. c4 dxc4 3. Nf3 Nf6 4. e3 e6 5. Bxc4 a6 6. O-O b5 7. Be2 Bb7 8. b3 Nbd7 9. Bb2 c5 10. Nbd2 Be7 11. a4 b4 12. Nc4 O-O 13. Nfe5 cxd4 14. Qxd4 Nc5 15. Rad1 Qxd4 16. exd4 Nce4 17. Nb6 Ra7 18. f3 Nc3 19. Bxc3 bxc3 20. Rc1 Bb4 21. Nd3 a5 22. Nxb4 axb4 23. Nc4 Rd8 24. Ne3 Nd5 25. Nc2 Ba6 26. Bxa6 Rxa6 27. Rfe1 Kf8 28. Re5 Ke7 29. Rce1 Kf6 30. f4 g6 31. g3 h5 32. h4 Rb8 33. Ra1 Ke7 34. Kf2 Nf6 35. Ke2 Nd7 36. Re4 f5 37. Re3 Kd6 38. Kd3 Nf6 39. Re5 Nd5 1/2-1/2

[Event "SixDays One Year IM-B 2023"]
[Site "Budapest"]
[Date "2023.09.21"]
[Round "6.1"]
[White "Meessen, Rudolf"]
[Black "Besou, Hussain"]
[Result "0-1"]
[ECO "A45"]
[WhiteElo "2109"]
[BlackElo "2364"]
[Annotator "ChessBase"]
[PlyCount "100"]
[EventDate "2023.09.18"]
[EventType "tourn"]
[EventCountry "HUN"]
[SourceTitle "playchess.com"]
[Source "ChessBase"]
[SourceQuality "1"]
[TimeControl "5400+30"]

1. d4 Nf6 2. Nc3 d5 3. Bf4 a6 4. e3 c5 5. dxc5 Qa5 6. Qd2 Nc6 7. O-O-O e6 8. Bd6 Bxd6 9. cxd6 O-O 10. Nf3 b5 11. Nd4 Nxd4 12. Qxd4 b4 13. Nb1 Ne4 14. Bd3 Nxd6 15. Qh4 f5 16. g4 Ra7 17. Rhg1 e5 18. a3 bxa3 19. Nxa3 Rb7 20. c3 e4 21. Be2 Be6 22. gxf5 Nxf5 23. Qf4 Qb6 24. Rd2 Nd4 25. Qxf8+ Kxf8 26. cxd4 Qc7+ 27. Nc2 Qxh2 28. Rg5 Qb8 29. Ne1 Rc7+ 30. Rc2 Rxc2+ 31. Kxc2 Qb4 32. Ng2 Qa4+ 33. Kb1 Qa5 34. Nf4 Qe1+ 35. Ka2 Bf7 36. Rf5 g6 37. Rf6 Kg7 38. Rxa6 Qxf2 39. Ra3 h5 40. Bb5 g5 41. Ne2 h4 42. Ra7 h3 43. Be8 Qxe2 44. Bxf7 Qc4+ 45. Ka3 Kf6 46. Be8 Qc8 47. Bb5 g4 48. Rh7 g3 49. Bd7 Qf8+ 50. b4 g2 0-1

[Event "SixDays One Year IM-B 2023"]
[Site "Budapest"]
[Date "2023.09.21"]
[Round "6.2"]
[White "Kozusek, Daniel"]
[Black "Szeberenyi, Adam"]
[Result "0-1"]
[ECO "A45"]
[WhiteElo "2365"]
[BlackElo "2305"]
[Annotator "ChessBase"]
[PlyCount "72"]
[EventDate "2023.09.18"]
[EventType "tourn"]
[EventCountry "HUN"]
[SourceTitle "playchess.com"]
[Source "ChessBase"]
[SourceQuality "1"]
[TimeControl "5400+30"]

1. d4 Nf6 2. Bg5 d5 3. e3 e6 4. Nd2 c5 5. c3 Nc6 6. Ngf3 Qb6 7. Rb1 Nd7 8. Bd3 Be7 9. Bxe7 Nxe7 10. O-O O-O 11. Qe2 Ng6 12. b4 cxd4 13. cxd4 Qd6 14. Ng5 e5 15. dxe5 Ndxe5 16. Bc2 Bg4 17. f3 Rac8 18. Nb3 Bd7 19. f4 Ng4 20. Bxg6 Qxg6 21. h3 Rc2 22. Qe1 Nf6 23. Rf2 Rxf2 24. Kxf2 Qc2+ 25. Kg1 Re8 26. Nf3 Rxe3 27. Qxe3 Qxb1+ 28. Kh2 Qe4 29. Qd2 b6 30. Ne5 Bb5 31. Nd4 Bf1 32. Ndf3 Nh5 33. Kg1 Bc4 34. Nxc4 Qxc4 35. Nd4 Ng3 36. Nf3 Qf1+ 0-1

[Event "SixDays One Year IM-B 2023"]
[Site "Budapest"]
[Date "2023.09.21"]
[Round "6.3"]
[White "Szabo, Abel"]
[Black "Valkova, Angelika"]
[Result "1/2-1/2"]
[ECO "C50"]
[WhiteElo "2234"]
[BlackElo "2057"]
[Annotator "ChessBase"]
[PlyCount "75"]
[EventDate "2023.09.18"]
[EventType "tourn"]
[EventCountry "HUN"]
[SourceTitle "playchess.com"]
[Source "ChessBase"]
[SourceQuality "1"]
[TimeControl "5400+30"]

1. e4 e5 2. Nf3 Nc6 3. Bc4 Bc5 4. O-O Nf6 5. d4 Bxd4 6. Nxd4 Nxd4 7. Bg5 h6 8. Bh4 Qe7 9. f4 Qc5 10. fxe5 Nf3+ 11. Kh1 Nxh4 12. exf6 Qxc4 13. fxg7 Rg8 14. Nc3 c6 15. Qd2 Qe6 16. e5 Rxg7 17. Rf6 Qg4 18. Rxh6 d5 19. exd6 Be6 20. h3 Qg3 21. Ne4 Qe5 22. Nf6+ Qxf6 23. Rxf6 O-O-O 24. Qh6 Rxg2 25. Qxh4 Bd5 26. c4 Rg4+ 27. cxd5 Rxh4 28. dxc6 bxc6 29. Rc1 Rxh3+ 30. Kg2 Rd3 31. Rxc6+ Kb8 32. Kf2 Rd7 33. Ke2 Rd5 34. Ke3 Kb7 35. Rc7+ Rxc7 36. dxc7 Rd7 37. Rc6 Rxc7 38. Rf6 1/2-1/2

[Event "SixDays One Year IM-B 2023"]
[Site "Budapest"]
[Date "2023.09.21"]
[Round "6.4"]
[White "Balint, Vilmos"]
[Black "Pagan, Jonathan"]
[Result "1/2-1/2"]
[ECO "B12"]
[WhiteElo "2217"]
[BlackElo "2021"]
[Annotator "ChessBase"]
[PlyCount "56"]
[EventDate "2023.09.18"]
[EventType "tourn"]
[EventCountry "HUN"]
[SourceTitle "playchess.com"]
[Source "ChessBase"]
[SourceQuality "1"]
[TimeControl "5400+30"]

1. e4 c6 2. d4 d5 3. e5 Bf5 4. Nf3 e6 5. Be2 c5 6. Be3 Qb6 7. Nc3 Nc6 8. O-O Qxb2 9. Nb5 c4 10. Rb1 Qxc2 11. Qxc2 Bxc2 12. Rb2 Bg6 13. Nc7+ Kd7 14. Nxa8 Kc8 15. Nh4 Ba3 16. Nxg6 hxg6 17. Rb5 Nge7 18. Rfb1 Kb8 19. Nc7 Kxc7 20. Rxb7+ Kc8 21. Bd1 a5 22. Ba4 Rf8 23. Bd2 Bb4 24. Bxb4 axb4 25. Rb5 Kc7 26. Rc5 Kb6 27. Rb5+ Kc7 28. Rc5 Kb6 1/2-1/2

[Event "SixDays One Year IM-B 2023"]
[Site "Budapest"]
[Date "2023.09.21"]
[Round "6.5"]
[White "Pap, Gyula"]
[Black "To, Nhat Minh"]
[Result "1/2-1/2"]
[ECO "B15"]
[WhiteElo "2429"]
[BlackElo "2342"]
[Annotator "ChessBase"]
[PlyCount "68"]
[EventDate "2023.09.18"]
[EventType "tourn"]
[EventCountry "HUN"]
[SourceTitle "playchess.com"]
[Source "ChessBase"]
[SourceQuality "1"]
[TimeControl "5400+30"]

1. e4 c6 2. d4 d5 3. Nc3 dxe4 4. Nxe4 Nf6 5. Nxf6+ exf6 6. Bc4 Bd6 7. Qe2+ Qe7 8. Qxe7+ Kxe7 9. Be3 Be6 10. Bxe6 fxe6 11. O-O-O Nd7 12. Nf3 Kf7 13. Rhe1 Rhe8 14. c3 Rad8 15. Kc2 a6 16. g3 h5 17. h4 Nb6 18. a3 Bc7 19. Bc1 Rd7 20. Re2 Rde7 21. Rde1 Nd7 22. a4 e5 23. dxe5 Nxe5 24. Nxe5+ Rxe5 25. Rxe5 Rxe5 26. Rxe5 Bxe5 27. Kd3 Ke6 28. Ke4 g6 29. c4 Bd6 30. b3 Be7 31. Be3 Bd6 32. Bd4 Be7 33. Be3 Bd6 34. Bd4 Be7 1/2-1/2

[Event "SixDays One Year IM-B 2023"]
[Site "Budapest"]
[Date "2023.09.22"]
[Round "7.2"]
[White "Pagan, Jonathan"]
[Black "Pap, Gyula"]
[Result "0-1"]
[ECO "D37"]
[WhiteElo "2021"]
[BlackElo "2429"]
[Annotator "RC"]
[PlyCount "120"]
[EventDate "2023.09.18"]
[EventType "tourn"]
[EventCountry "HUN"]
[SourceTitle "playchess.com"]
[Source "ChessBase"]
[SourceQuality "1"]
[TimeControl "5400+30"]

1. d4 d5 2. c4 e6 3. Nf3 Nf6 4. Nc3 Nbd7 5. Bf4 Bb4 6. cxd5 exd5 7. Qc2 Ne4 8. e3 g5 9. Be5 Rg8 10. Bd3 g4 11. Bxe4 dxe4 12. Nd2 Bxc3 13. bxc3 Nxe5 14. Qxe4 Qe7 15. dxe5 Rg5 16. Nc4 Rh5 17. Rd1 a5 18. Qd4 Be6 19. g3 Rd8 20. Qxd8+ Qxd8 21. Rxd8+ Kxd8 22. Nxa5 Rxe5 23. Nb3 Rb5 24. Nd2 Rb2 25. f3 Rxa2 26. Rf1 Rc2 27. c4 Bxc4 28. Nxc4 Rxc4 29. Kd2 gxf3 30. Rxf3 Ke7 31. Rf5 Rc6 32. Rh5 h6 33. Kd3 Rd6+ 34. Kc4 Kf8 35. Rc5 c6 36. Rh5 b6 37. Rh4 Kg7 38. Kc3 Rd5 39. Rg4+ Kf6 40. Rf4+ Rf5 41. Rd4 Rc5+ 42. Kb3 Re5 43. Rf4+ Ke6 44. Rh4 h5 45. Kc2 b5 46. Kd3 Rd5+ 47. Kc3 c5 48. g4 hxg4 49. Rxg4 Re5 50. Kd2 Rh5 51. h4 f5 52. Rg6+ Kd5 53. Rf6 Kc4 54. Kc2 b4 55. Rf8 b3+ 56. Kb2 Rxh4 57. Rxf5 Rh2+ 58. Kb1 Kb4 59. Rf8 c4 60. Rb8+ Kc3 0-1

[Event "SixDays One Year IM-B 2023"]
[Site "Budapest"]
[Date "2023.09.22"]
[Round "7.3"]
[White "Valkova, Angelika"]
[Black "Balint, Vilmos"]
[Result "0-1"]
[ECO "A40"]
[WhiteElo "2057"]
[BlackElo "2217"]
[Annotator "RC"]
[PlyCount "86"]
[EventDate "2023.09.18"]
[EventType "tourn"]
[EventCountry "HUN"]
[SourceTitle "playchess.com"]
[Source "ChessBase"]
[SourceQuality "1"]
[TimeControl "5400+30"]

1. d4 e6 2. c4 b6 3. a3 f5 4. Nc3 Nf6 5. Bf4 d6 6. e3 Bb7 7. Nh3 h6 8. Bg3 g5 9. f3 Nh5 10. Bf2 Bg7 11. e4 O-O 12. Bd3 Nc6 13. Bc2 Na5 14. Qe2 Ba6 15. b4 Bxc4 16. Bd3 Bxd3 17. Qxd3 g4 18. exf5 gxh3 19. g4 Nf4 20. Qe4 Ng2+ 21. Kd1 exf5 22. gxf5 Nc4 23. Qe6+ Kh8 24. Qxc4 Rxf5 25. Qc6 Qf8 26. Ra2 Rxf3 27. Rd2 Re8 28. a4 Re7 29. Nd5 Rxf2 30. Rxf2 Qxf2 31. Nxe7 Qxd4+ 32. Ke2 Qe3+ 33. Kd1 Qd3+ 34. Kc1 Qa3+ 35. Kd1 Qb3+ 36. Kd2 Qxb4+ 37. Kd1 Qd4+ 38. Ke2 Qe3+ 39. Kd1 Qxe7 40. Qf3 Qe5 41. Kc2 Ne1+ 42. Rxe1 Qxe1 43. Qxh3 Qc3+ 0-1

[Event "SixDays One Year IM-B 2023"]
[Site "Budapest"]
[Date "2023.09.22"]
[Round "7.4"]
[White "Szeberenyi, Adam"]
[Black "Szabo, Abel"]
[Result "1/2-1/2"]
[ECO "D38"]
[WhiteElo "2305"]
[BlackElo "2234"]
[Annotator "RC"]
[PlyCount "31"]
[EventDate "2023.09.18"]
[EventType "tourn"]
[EventCountry "HUN"]
[SourceTitle "playchess.com"]
[Source "ChessBase"]
[SourceQuality "1"]
[TimeControl "5400+30"]

1. d4 Nf6 2. c4 e6 3. Nf3 d5 4. Nc3 Bb4 5. cxd5 exd5 6. Bg5 c6 7. Qb3 Be7 8. e3 O-O 9. Bd3 Re8 10. O-O Nbd7 11. h3 Nf8 12. Ne5 N6d7 13. Bf4 Nxe5 14. Bxe5 Bd6 15. Bxd6 Qxd6 16. Rac1 1/2-1/2

[Event "SixDays One Year IM-B 2023"]
[Site "Budapest"]
[Date "2023.09.22"]
[Round "7.5"]
[White "Besou, Hussain"]
[Black "Kozusek, Daniel"]
[Result "1/2-1/2"]
[ECO "B12"]
[WhiteElo "2364"]
[BlackElo "2365"]
[Annotator "RC"]
[PlyCount "67"]
[EventDate "2023.09.18"]
[EventType "tourn"]
[EventCountry "HUN"]
[SourceTitle "playchess.com"]
[Source "ChessBase"]
[SourceQuality "1"]
[TimeControl "5400+30"]

1. e4 c6 2. d4 d5 3. e5 c5 4. dxc5 e6 5. a3 Bxc5 6. b4 Be7 7. Nf3 a5 8. b5 Nd7 9. Bb2 f6 10. c4 Nxe5 11. Nxe5 fxe5 12. Bxe5 Bf6 13. Nd2 Nh6 14. Bxf6 Qxf6 15. Be2 O-O 16. O-O b6 17. cxd5 exd5 18. Nf3 Bb7 19. Qd4 Nf5 20. Qxf6 Rxf6 21. Rfd1 Rc8 22. Bd3 Nd6 23. Nd4 Rf4 24. Bf1 Ne4 25. f3 Nc5 26. Ra2 Kf7 27. Re2 Rc7 28. g3 Rf6 29. Bh3 Re7 30. Rde1 Rxe2 31. Rxe2 g6 32. Re3 Rd6 33. Kf2 Rd8 34. Ke2 1/2-1/2

[Event "SixDays One Year IM-B 2023"]
[Site "Budapest"]
[Date "2023.09.22"]
[Round "8.1"]
[White "Meessen, Rudolf"]
[Black "Kozusek, Daniel"]
[Result "1/2-1/2"]
[ECO "C02"]
[WhiteElo "2109"]
[BlackElo "2365"]
[Annotator "ChessBase"]
[PlyCount "34"]
[EventDate "2023.09.18"]
[EventType "tourn"]
[EventCountry "HUN"]
[SourceTitle "playchess.com"]
[Source "ChessBase"]
[SourceQuality "1"]
[TimeControl "5400+30"]

1. e4 e6 2. d4 d5 3. e5 c5 4. c3 Nc6 5. Nf3 Qb6 6. a3 Nh6 7. Bd3 cxd4 8. O-O Nf5 9. Bxf5 exf5 10. Nxd4 Be6 11. b4 Be7 12. Be3 Qc7 13. f4 O-O 14. Nd2 Nxd4 15. Bxd4 Rfc8 16. Kh1 a5 17. Qe2 Qd7 1/2-1/2

[Event "SixDays One Year IM-B 2023"]
[Site "Budapest"]
[Date "2023.09.22"]
[Round "8.2"]
[White "Szabo, Abel"]
[Black "Besou, Hussain"]
[Result "0-1"]
[ECO "B94"]
[WhiteElo "2234"]
[BlackElo "2364"]
[Annotator "ChessBase"]
[PlyCount "88"]
[EventDate "2023.09.18"]
[EventType "tourn"]
[EventCountry "HUN"]
[SourceTitle "playchess.com"]
[Source "ChessBase"]
[SourceQuality "1"]
[TimeControl "5400+30"]

1. e4 c5 2. Nf3 d6 3. d4 cxd4 4. Nxd4 Nf6 5. Nc3 a6 6. Bg5 Nbd7 7. Qd2 e6 8. O-O-O Qc7 9. f3 b5 10. Kb1 Bb7 11. g4 h6 12. Bxf6 Nxf6 13. h4 b4 14. Nce2 d5 15. exd5 Nxd5 16. Bh3 e5 17. Nf5 O-O-O 18. Qc1 Kb8 19. Ne3 Bc5 20. Nxd5 Bxd5 21. Bg2 Rd7 22. c4 Bb7 23. Rxd7 Qxd7 24. Rd1 Qe7 25. h5 Qh4 26. Qd2 Ka8 27. Nc1 e4 28. fxe4 Qxg4 29. Qe2 Qxe2 30. Nxe2 Re8 31. Ng3 g6 32. Rd2 Kb8 33. Kc2 Kc7 34. Kd3 Bd6 35. Ne2 gxh5 36. Nd4 Rd8 37. Ke2 Rg8 38. Kf2 Bc5 39. Bf3 Rd8 40. Ke3 h4 41. Bg4 Bc8 42. Bf3 h3 43. e5 Rxd4 44. Rxd4 Bb7 0-1

[Event "SixDays One Year IM-B 2023"]
[Site "Budapest"]
[Date "2023.09.22"]
[Round "8.3"]
[White "Balint, Vilmos"]
[Black "Szeberenyi, Adam"]
[Result "1/2-1/2"]
[ECO "D02"]
[WhiteElo "2217"]
[BlackElo "2305"]
[Annotator "ChessBase"]
[PlyCount "32"]
[EventDate "2023.09.18"]
[EventType "tourn"]
[EventCountry "HUN"]
[SourceTitle "playchess.com"]
[Source "ChessBase"]
[SourceQuality "1"]
[TimeControl "5400+30"]

1. d4 d5 2. Nf3 Nf6 3. Bf4 c5 4. e3 Nc6 5. c3 e6 6. Nbd2 Bd6 7. Bxd6 Qxd6 8. Bd3 e5 9. dxe5 Nxe5 10. Nxe5 Qxe5 11. Nf3 Qe7 12. O-O O-O 13. Qc2 Bg4 14. Be2 Qe4 15. Rac1 Qxc2 16. Rxc2 Rfe8 1/2-1/2

[Event "SixDays One Year IM-B 2023"]
[Site "Budapest"]
[Date "2023.09.22"]
[Round "8.4"]
[White "Pap, Gyula"]
[Black "Valkova, Angelika"]
[Result "1/2-1/2"]
[ECO "C07"]
[WhiteElo "2429"]
[BlackElo "2057"]
[Annotator "ChessBase"]
[PlyCount "39"]
[EventDate "2023.09.18"]
[EventType "tourn"]
[EventCountry "HUN"]
[SourceTitle "playchess.com"]
[Source "ChessBase"]
[SourceQuality "1"]
[TimeControl "5400+30"]

1. e4 e6 2. d4 d5 3. Nd2 c5 4. Ngf3 cxd4 5. exd5 Qxd5 6. Bc4 Qd6 7. O-O Nf6 8. Nb3 Nc6 9. Nbxd4 Nxd4 10. Qxd4 Qxd4 11. Nxd4 Bc5 12. Nb3 Be7 13. Be2 O-O 14. Be3 Bd7 15. Rfd1 Bc6 16. Nd4 Bd7 17. Nb3 Bc6 18. Nd4 Bd7 19. Nb3 Bc6 20. Nd4 1/2-1/2

[Event "SixDays One Year IM-B 2023"]
[Site "Budapest"]
[Date "2023.09.22"]
[Round "8.5"]
[White "To, Nhat Minh"]
[Black "Pagan, Jonathan"]
[Result "1-0"]
[ECO "B12"]
[WhiteElo "2342"]
[BlackElo "2021"]
[Annotator "ChessBase"]
[PlyCount "41"]
[EventDate "2023.09.18"]
[EventType "tourn"]
[EventCountry "HUN"]
[SourceTitle "playchess.com"]
[Source "ChessBase"]
[SourceQuality "1"]
[TimeControl "5400+30"]

1. e4 c6 2. d4 d5 3. e5 Bf5 4. Nf3 e6 5. Be2 Ne7 6. O-O c5 7. Be3 Nec6 8. dxc5 Nd7 9. c4 dxc4 10. Bxc4 Bxc5 11. Bxc5 Nxc5 12. Bb5 Qb6 13. Na3 Rd8 14. Qe2 O-O 15. Rfd1 Bg4 16. Qe3 Nd7 17. Bxc6 bxc6 18. Nc4 Qb4 19. b3 Nb6 20. Rxd8 Rxd8 21. Qg5 1-0

[Event "SixDays One Year IM-B 2023"]
[Site "Budapest"]
[Date "2023.09.23"]
[Round "9.1"]
[White "Pagan, Jonathan"]
[Black "Meessen, Rudolf"]
[Result "1/2-1/2"]
[ECO "E91"]
[WhiteElo "2021"]
[BlackElo "2109"]
[Annotator "RC"]
[PlyCount "87"]
[EventDate "2023.09.18"]
[EventType "tourn"]
[EventCountry "HUN"]
[SourceTitle "playchess.com"]
[Source "ChessBase"]
[SourceQuality "1"]
[TimeControl "5400+30"]

1. d4 Nf6 2. c4 g6 3. Nc3 Bg7 4. e4 d6 5. Nf3 O-O 6. Be2 Na6 7. O-O e5 8. Re1 exd4 9. Nxd4 c6 10. Be3 Re8 11. f3 d5 12. cxd5 Nxd5 13. Nxd5 cxd5 14. Qd2 dxe4 15. Rad1 Nc5 16. Nb5 Qxd2 17. Rxd2 Ne6 18. fxe4 b6 19. Bc4 Ba6 20. Bxe6 Bxb5 21. Bd5 Rac8 22. Bd4 Bh6 23. Rf2 Bc4 24. Rc2 Bxd5 25. Rxc8 Rxc8 26. exd5 Rc1 27. Rxc1 Bxc1 28. Bf6 Kf8 29. Kf2 Bf4 30. h3 Ke8 31. Kf3 Bd6 32. g4 Be7 33. Bd4 Bg5 34. Ke4 Kd7 35. b3 h5 36. Bc3 Bh6 37. Bb2 b5 38. Bd4 a6 39. Bc5 hxg4 40. hxg4 Bg5 41. Ke5 Bh4 42. Bb4 Bd8 43. Bc5 Bh4 44. Ke4 1/2-1/2

[Event "SixDays One Year IM-B 2023"]
[Site "Budapest"]
[Date "2023.09.23"]
[Round "9.2"]
[White "Valkova, Angelika"]
[Black "To, Nhat Minh"]
[Result "1/2-1/2"]
[ECO "D35"]
[WhiteElo "2057"]
[BlackElo "2342"]
[Annotator "RC"]
[PlyCount "75"]
[EventDate "2023.09.18"]
[EventType "tourn"]
[EventCountry "HUN"]
[SourceTitle "playchess.com"]
[Source "ChessBase"]
[SourceQuality "1"]
[TimeControl "5400+30"]

1. d4 Nf6 2. c4 e6 3. Nc3 d5 4. cxd5 exd5 5. Bg5 Be7 6. e3 c6 7. Bd3 h6 8. Bh4 O-O 9. Nf3 Re8 10. O-O Nbd7 11. Qc2 Nf8 12. Rab1 a5 13. a3 Be6 14. b4 axb4 15. axb4 N6d7 16. Bxe7 Qxe7 17. Bf5 Bxf5 18. Qxf5 Qe6 19. Qxe6 Nxe6 20. Ra1 f6 21. b5 Kf7 22. h3 Ke7 23. bxc6 bxc6 24. Rfb1 Rxa1 25. Rxa1 Rc8 26. Rc1 Ra8 27. e4 Nb6 28. exd5 Nxd5 29. Nxd5+ cxd5 30. g3 Ra7 31. Kg2 Ng5 32. Nxg5 hxg5 33. Kf3 Ra3+ 34. Ke2 Ra2+ 35. Ke3 Ra3+ 36. Ke2 Ra2+ 37. Ke3 Ra3+ 38. Ke2 1/2-1/2

[Event "SixDays One Year IM-B 2023"]
[Site "Budapest"]
[Date "2023.09.23"]
[Round "9.3"]
[White "Szeberenyi, Adam"]
[Black "Pap, Gyula"]
[Result "1/2-1/2"]
[ECO "D38"]
[WhiteElo "2305"]
[BlackElo "2429"]
[Annotator "RC"]
[PlyCount "25"]
[EventDate "2023.09.18"]
[EventType "tourn"]
[EventCountry "HUN"]
[SourceTitle "playchess.com"]
[Source "ChessBase"]
[SourceQuality "1"]
[TimeControl "5400+30"]

1. d4 d5 2. c4 e6 3. Nc3 Nf6 4. Nf3 Bb4 5. cxd5 exd5 6. Qb3 c5 7. dxc5 Nc6 8. Bg5 h6 9. Bxf6 Qxf6 10. a3 Bxc3+ 11. Qxc3 Qxc3+ 12. bxc3 Be6 13. e3 1/2-1/2

[Event "SixDays One Year IM-B 2023"]
[Site "Budapest"]
[Date "2023.09.23"]
[Round "9.4"]
[White "Besou, Hussain"]
[Black "Balint, Vilmos"]
[Result "1-0"]
[ECO "C78"]
[WhiteElo "2364"]
[BlackElo "2217"]
[Annotator "RC"]
[PlyCount "91"]
[EventDate "2023.09.18"]
[EventType "tourn"]
[EventCountry "HUN"]
[SourceTitle "playchess.com"]
[Source "ChessBase"]
[SourceQuality "1"]
[TimeControl "5400+30"]

1. e4 e5 2. Nf3 Nc6 3. Bb5 a6 4. Ba4 Nf6 5. O-O b5 6. Bb3 Bc5 7. c3 O-O 8. d4 Bb6 9. a4 Bb7 10. Re1 h6 11. d5 Na5 12. Bc2 Nc4 13. h3 c6 14. b3 Nd6 15. Ba3 c5 16. Nbd2 Re8 17. c4 bxa4 18. bxa4 Ba5 19. Bb2 Bxd2 20. Nxd2 Nc8 21. f4 d6 22. f5 a5 23. Qf3 Ba6 24. Bc3 Rb8 25. Nb3 Rb4 26. Bxb4 cxb4 27. c5 dxc5 28. Nxc5 Nd6 29. Nxa6 Qb6+ 30. Qe3 Qxa6 31. Bd3 Qb7 32. Qc5 Rd8 33. Qxa5 Rc8 34. Qa6 Qe7 35. Rac1 Rxc1 36. Rxc1 Kh7 37. Qb6 Nfxe4 38. f6 gxf6 39. Rc7 Qf8 40. Bxe4+ Nxe4 41. Qe6 Ng5 42. Qf5+ Kg7 43. h4 Qb8 44. Rc6 b3 45. hxg5 b2 46. gxf6+ 1-0

[Event "SixDays One Year IM-B 2023"]
[Site "Budapest"]
[Date "2023.09.23"]
[Round "9.5"]
[White "Kozusek, Daniel"]
[Black "Szabo, Abel"]
[Result "1-0"]
[ECO "D38"]
[WhiteElo "2365"]
[BlackElo "2234"]
[Annotator "RC"]
[PlyCount "73"]
[EventDate "2023.09.18"]
[EventType "tourn"]
[EventCountry "HUN"]
[SourceTitle "playchess.com"]
[Source "ChessBase"]
[SourceQuality "1"]
[TimeControl "5400+30"]

1. d4 Nf6 2. Nf3 e6 3. c4 d5 4. Nc3 Bb4 5. cxd5 exd5 6. Bg5 h6 7. Bh4 g5 8. Bg3 Ne4 9. Nd2 Nxg3 10. hxg3 c6 11. Qc2 Qf6 12. a3 Bxc3 13. bxc3 Bf5 14. Qb3 b6 15. e3 Nd7 16. Be2 O-O 17. O-O Rae8 18. Rfe1 Re7 19. g4 Bg6 20. Bf3 Rfe8 21. a4 Qd6 22. Rec1 Qf6 23. Qd1 Kg7 24. Nf1 Qd6 25. Ng3 Nf6 26. c4 Ne4 27. Bxe4 Bxe4 28. c5 Qd7 29. Nh5+ Kg6 30. f3 f5 31. fxe4 fxg4 32. Ng3 dxe4 33. cxb6 h5 34. Qc2 Re6 35. bxa7 h4 36. Nxe4 Rxe4 37. a8=Q 1-0